Devils vs Penguins
Created - February 5, 2024 at 19:26
Goals
|
| Devils |
3 |
1 |
1 |
5 |
| Penguins |
1 |
0 |
1 |
2 |
|
Shots
|
| Devils |
10 |
8 |
11 |
29 |
| Penguins |
15 |
5 |
12 |
32 |
|
1st period
1. Devils , Logan Shaw 9 (Brandon Carlo 11) at 0:47 (SH)
2. Devils , Jonathan Huberdeau 21 (Sean Monahan 22) at 5:21 (PP)
3. Penguins , Nick Leddy 4 (Mark Scheifele 38, Pavel Buchnevich 8) at 14:38 (PP)
4. Devils , Nick Palmieri 12 (Nazem Kadri 38) at 19:36
Penalties :
Kristopher Letang (N.J) for Boarding (Minor) at 0:36, Jamie Benn (Pit) for Hooking (Minor) at 4:39, Michael Del Zotto (N.J) for Holding (Minor) at 13:47
2nd period
5. Devils , Tyler Ennis 34 (Michael Del Zotto 18, Brandon Carlo 12) at 14:39
Penalties :
Marcus Foligno (Pit) for Hooking (Minor) at 8:56, Nick Palmieri (N.J) for Holding (Minor) at 14:54
3rd period
6. Penguins , Neal Pionk 1 (Keith Aulie 11) at 14:17 (PP)
7. Devils , Anton Lander 5 (Anton Stralman 8, Kristopher Letang 11) at 16:06
Penalties :
Jonathan Huberdeau (N.J) for Hooking (Minor) at 8:09, Nick Palmieri (N.J) for Holding (Minor) at 13:17, Jonathan Quick (N.J) for Slashing (Minor) at 18:46 - Nazem Kadri served the penalty
Goalie Stats
Jonathan Quick (N.J), 30 saves from 32 shots - (0.938), W, 16-8-5, 60:00 minutes
Braden Holtby (Pit), 13 saves from 14 shots - (0.929), 25:21 minutes
Ilya Samsonov (Pit), 11 saves from 15 shots - (0.733), L, 6-13-1, 34:39 minutes
Players Stats for Devils
Player Name G A P +/- PIM S H SB GA TA FO MP PP MP PK MP
------------------------------------------------------------------------------------
Anton Lander 1 0 1 2 0 2 1 1 0 0 9/18 14:12 0:00 5:52
Anton Stralman 0 1 1 2 0 1 1 1 1 0 0/0 23:11 0:00 5:28
Brandon Carlo 0 2 2 2 0 1 2 4 0 2 0/0 21:16 0:00 5:28
Brayden Point 0 0 0 0 0 0 0 0 0 0 2/7 12:01 1:33 0:00
Eric Tangradi 0 0 0 1 0 0 0 0 0 0 0/0 8:12 0:00 0:33
Jonathan Huberdeau 1 0 1 0 2 4 2 0 1 0 0/0 14:00 1:08 0:00
Kristopher Letang 0 1 1 1 2 2 3 0 0 0 0/0 19:34 2:02 0:00
Logan Shaw 1 0 1 1 0 3 1 0 1 0 0/1 17:01 0:00 5:52
Matt Donovan 0 0 0 1 0 0 4 1 0 2 0/0 19:27 0:39 3:33
Michael Del Zotto 0 1 1 1 2 1 1 1 0 0 0/0 17:21 2:02 0:00
Nail Yakupov 0 0 0 1 0 1 1 0 0 0 0/0 7:39 0:00 0:00
Nazem Kadri 0 1 1 2 0 2 2 0 0 1 13/27 20:18 1:33 2:08
Nick Palmieri 1 0 1 2 4 2 1 0 0 1 0/0 17:40 0:00 1:01
Ondrej Kase 0 0 0 0 0 0 1 0 0 0 1/1 14:01 1:08 0:00
Sean Monahan 0 1 1 0 0 3 1 1 0 0 6/8 14:01 1:08 0:00
Sven Baertschi 0 0 0 0 0 1 2 0 0 0 0/0 10:47 0:00 0:00
Thomas Hickey 0 0 0 1 0 0 4 1 0 0 0/0 19:27 0:39 3:33
Tyler Ennis 1 0 1 2 0 6 0 0 4 0 2/3 20:46 1:33 2:36
Players Stats for Penguins
Player Name G A P +/- PIM S H SB GA TA FO MP PP MP PK MP
------------------------------------------------------------------------------------
Brandon Tanev 0 0 0 0 0 2 0 0 1 0 0/0 8:47 0:00 0:43
Derek Stepan 0 0 0 0 0 2 0 0 0 0 6/15 16:53 3:08 0:49
Dmitrij Jaskin 0 0 0 0 0 1 2 0 0 0 0/0 8:30 0:00 0:00
Jamie Benn 0 0 0 -1 2 0 3 0 0 0 0/0 11:31 0:00 0:52
Keith Aulie 0 1 1 -1 0 1 1 1 0 0 0/0 19:38 3:03 1:39
Marcus Foligno 0 0 0 0 2 4 1 1 0 0 0/0 16:28 3:08 0:31
Mark Scheifele 0 1 1 -3 0 7 2 2 2 1 3/7 24:18 5:53 1:18
Max Reinhart 0 0 0 -1 0 1 2 0 0 0 1/3 11:02 0:00 0:22
Neal Pionk 1 0 1 -1 0 1 0 1 0 1 0/0 15:50 3:03 1:09
Nick Leddy 1 0 1 -2 0 4 1 2 2 1 0/0 29:11 5:58 1:05
Oscar Klefbom 0 0 0 -2 0 2 2 1 0 1 0/0 28:56 5:58 1:20
Pavel Buchnevich 0 1 1 -3 0 1 1 1 1 2 1/1 23:16 5:53 0:36
Pavel Zacha 0 0 0 0 0 0 2 0 0 0 0/0 15:58 3:08 0:00
Roope Hintz 0 0 0 0 0 0 1 0 0 0 1/3 8:04 0:00 0:00
Sebastian Aho 0 0 0 -3 0 4 2 0 0 1 20/35 22:37 5:53 0:00
Shea Weber 0 0 0 -1 0 1 0 1 0 0 0/0 14:26 0:00 0:09
Tom Wilson 0 0 0 -1 0 0 1 1 0 0 0/1 10:51 0:00 0:11
Tyson Barrie 0 0 0 -1 0 1 1 0 0 0 0/0 11:01 0:00 0:00
3 Stars
1 - Brandon Carlo (N.J)
2 - Anton Lander (N.J)
3 - Tyler Ennis (N.J)
Power Play
Devils - 1 on 2 Attempt(s) - 50.00%
Penguins - 2 on 6 Attempt(s) - 33.33%
Penalty Kill
Devils - 4 on 6 Attempt(s) - 66.67%
- Score 1 goal in Penalty Kill
Penguins - 1 on 2 Attempt(s) - 50.00%
- Score 0 goal in Penalty Kill
Team Stat
Devils - Hits : 27 - Faceoff Wins : 33 - Blocked Shots : 10 - Penalty Minutes : 12
Penguins - Hits : 22 - Faceoff Wins : 32 - Blocked Shots : 11 - Penalty Minutes : 4
Official
Referees : Peter MacDougall and TJ Luxmore
Linesman : David Brisebois and Jonny Murray
Game Notes
12:40 of 1st period - Penguins goal is going for a video replay. After video review, No Goal. The puck has been kicked using a distinct kicking motion.
Braden Holtby enters game at 14:39 of 2nd period
18:54 of 3rd period - Penguins goal is going for a video replay. After video review, No Goal. The puck has been directed, batted or thrown into the net by an attacking player other than with a stick.
Finance
Level 1 -- Attendance: 6000 (100.00%) -- Ticket Income $600,000
Level 2 -- Attendance: 4831 (96.62%) -- Ticket Income $289,860
Level 3 -- Attendance: 1781 (89.05%) -- Ticket Income $62,335
Level 4 -- Attendance: 3753 (93.83%) -- Ticket Income $93,825
Luxury Box -- Attendance: 1000 (100.00%) -- Ticket Income $200,000
Game was played at the PPG Paint Arena.
Total Attendance: 17365 (96.47%)
Total Ticket Income: $1,246,020
Other Income: $186,903
Total Income: $1,432,923
Devils
5 vs 5 Forward
Center Left Wing Right Wing Time % Phy DF OF
1 Nazem Kadri Tyler Ennis Nick Palmieri 36 0 2 3
2 Sean Monahan Jonathan Huberdeau Ondrej Kase 28 0 2 3
3 Brayden Point Sven Baertschi Logan Shaw 22 0 2 3
4 Anton Lander Eric Tangradi Nail Yakupov 14 0 2 3
5 vs 5 Defense
Defense Defense Time % Phy DF OF
1 Anton Stralman Kristopher Letang 38 1 3 1
2 Brandon Carlo Michael Del Zotto 32 1 3 1
3 Matt Donovan Thomas Hickey 30 1 3 1
4 Brandon Carlo Kristopher Letang 0 1 3 1
PowerPlay Forward
Center Left Wing Right Wing Time % Phy DF OF
1 Nazem Kadri Tyler Ennis Brayden Point 60 0 0 5
2 Sean Monahan Jonathan Huberdeau Ondrej Kase 40 0 0 5
PowerPlay Defense
Defense Defense Time % Phy DF OF
1 Michael Del Zotto Kristopher Letang 60 0 2 3
2 Thomas Hickey Matt Donovan 40 0 2 3
Penalty Kill 4 Players Forward
Center Wing Time % Phy DF OF
1 Anton Lander Logan Shaw 60 1 3 1
2 Nazem Kadri Tyler Ennis 40 1 3 1
Penalty Kill 4 Players Defense
Defense Defense Time % Phy DF OF
1 Brandon Carlo Anton Stralman 60 1 4 0
2 Matt Donovan Thomas Hickey 40 1 4 0
Penalty Kill - 3 Players Forward
Forward Time % Phy DF OF
1 Nazem Kadri 60 0 4 1
2 Sean Monahan 40 0 4 1
Penalty Kill - 3 Players Defense
Defense Defense Time % Phy DF OF
1 Brandon Carlo Anton Stralman 60 1 4 0
2 Matt Donovan Kristopher Letang 40 1 4 0
4 vs 4 Forward
Center Wing Time % Phy DF OF
1 Nazem Kadri Tyler Ennis 60 0 2 3
2 Sean Monahan Jonathan Huberdeau 40 0 2 3
4 vs 4 Defense
Defense Defense Time % Phy DF OF
1 Anton Stralman Kristopher Letang 60 0 3 2
2 Brandon Carlo Michael Del Zotto 40 0 3 2
Last Minutes Offensive
Center Left Wing Right Wing Defense Defense
Nazem Kadri Tyler Ennis Nick Palmieri Brandon Carlo Kristopher Letang
Last Minutes Defensive
Center Left Wing Right Wing Defense Defense
Nazem Kadri Tyler Ennis Nick Palmieri Brandon Carlo Kristopher Letang
Goaltenders
Starting : Jonathan Quick
Backup : Thomas McCollum
Extra Forwards
Normal : Brayden Point, Nail Yakupov, Logan Shaw - PP : Nick Palmieri, Brayden Point - PK : Nick Palmieri
Extra Defensemen
Normal : Anton Stralman, Brandon Carlo, Michael Del Zotto - PP : Anton Stralman - PK : Anton Stralman, Thomas Hickey
Penalty Shots
Tyler Ennis, Sean Monahan, Nazem Kadri, Nick Palmieri, Brayden Point
Custom OT Lines Forwards
Nazem Kadri, Tyler Ennis, Jonathan Huberdeau, Sean Monahan, Brayden Point, Nick Palmieri, Logan Shaw, Ondrej Kase, Anton Lander, Nail Yakupov
Custom OT Lines Defensemen
Brandon Carlo, Kristopher Letang, Michael Del Zotto, Anton Stralman, Matt Donovan
Scratches
Damon Severson (Healthy), Miikka Salomaki (Healthy), Calvin Pickard (Healthy)
Penguins
5 vs 5 Forward
Center Left Wing Right Wing Time % Phy DF OF
1 Sebastian Aho Pavel Buchnevich Mark Scheifele 40 1 1 3
2 Derek Stepan Pavel Zacha Marcus Foligno 30 1 1 3
3 Max Reinhart Jamie Benn Tom Wilson 20 1 1 3
4 Roope Hintz Brandon Tanev Dmitrij Jaskin 10 1 1 3
5 vs 5 Defense
Defense Defense Time % Phy DF OF
1 Oscar Klefbom Nick Leddy 40 1 2 2
2 Shea Weber Keith Aulie 30 1 2 2
3 Neal Pionk Tyson Barrie 20 1 2 2
4 Oscar Klefbom Nick Leddy 10 1 2 2
PowerPlay Forward
Center Left Wing Right Wing Time % Phy DF OF
1 Sebastian Aho Pavel Buchnevich Mark Scheifele 60 1 1 3
2 Derek Stepan Pavel Zacha Marcus Foligno 40 1 1 3
PowerPlay Defense
Defense Defense Time % Phy DF OF
1 Oscar Klefbom Nick Leddy 60 1 1 3
2 Neal Pionk Keith Aulie 40 1 1 3
Penalty Kill 4 Players Forward
Center Wing Time % Phy DF OF
1 Mark Scheifele Marcus Foligno 60 1 3 1
2 Max Reinhart Tom Wilson 40 1 3 1
Penalty Kill 4 Players Defense
Defense Defense Time % Phy DF OF
1 Oscar Klefbom Keith Aulie 60 1 3 1
2 Nick Leddy Neal Pionk 40 1 3 1
Penalty Kill - 3 Players Forward
Forward Time % Phy DF OF
1 Mark Scheifele 60 1 3 1
2 Max Reinhart 40 1 3 1
Penalty Kill - 3 Players Defense
Defense Defense Time % Phy DF OF
1 Oscar Klefbom Keith Aulie 60 1 3 1
2 Nick Leddy Neal Pionk 40 1 3 1
4 vs 4 Forward
Center Wing Time % Phy DF OF
1 Sebastian Aho Mark Scheifele 60 1 2 2
2 Derek Stepan Pavel Buchnevich 40 1 2 2
4 vs 4 Defense
Defense Defense Time % Phy DF OF
1 Oscar Klefbom Nick Leddy 60 1 2 2
2 Shea Weber Keith Aulie 40 1 2 2
Last Minutes Offensive
Center Left Wing Right Wing Defense Defense
Sebastian Aho Pavel Buchnevich Mark Scheifele Oscar Klefbom Nick Leddy
Last Minutes Defensive
Center Left Wing Right Wing Defense Defense
Max Reinhart Brandon Tanev Marcus Foligno Oscar Klefbom Keith Aulie
Goaltenders
Starting : Ilya Samsonov
Backup : Braden Holtby
Extra Forwards
Normal : Mark Scheifele, Pavel Zacha, Pavel Buchnevich - PP : Mark Scheifele, Pavel Zacha - PK : Brandon Tanev
Extra Defensemen
Normal : Oscar Klefbom, Keith Aulie, Tyson Barrie - PP : Tyson Barrie - PK : Oscar Klefbom, Keith Aulie
Penalty Shots
Mark Scheifele, Sebastian Aho, Pavel Zacha, Jamie Benn, Pavel Buchnevich
Custom OT Lines Forwards
Mark Scheifele, Derek Stepan, Marcus Foligno, Jamie Benn, Pavel Buchnevich, Max Reinhart, Tom Wilson, Pavel Zacha, Sebastian Aho, Brandon Tanev
Custom OT Lines Defensemen
Oscar Klefbom, Keith Aulie, Nick Leddy, Neal Pionk, Shea Weber
Scratches
None
% Time on Ice - Devils
Lines # - Real PCT - Wanted PCT - Time Play
Normal Forward
1 - 35% - 36% - 16:41
2 - 27% - 28% - 13:11
3 - 22% - 22% - 10:47
4 - 16% - 14% - 7:39
Normal Defense
1 - 38% - 38% - 18:07
2 - 31% - 32% - 14:56
3 - 32% - 30% - 15:15
4 - 0% - 0% - 0:00
PP Forward
1 - 58% - 60% - 1:33
2 - 42% - 40% - 1:08
PP Defense
1 - 76% - 60% - 2:02
2 - 24% - 40% - 0:39
PK Forward
1 - 71% - 60% - 6:25
2 - 29% - 40% - 2:36
PK Defense
1 - 61% - 60% - 5:28
2 - 39% - 40% - 3:33
PK3 Forward
1 - 0% - 60%
2 - 0% - 40%
PK3 Defense
1 - 0% - 60%
2 - 0% - 40%
44 Forward
1 - 0% - 60%
2 - 0% - 40%
44 Defense
1 - 0% - 60%
2 - 0% - 40%
Last Minute Offensive - 0:00
Last Minute Defensive - 0:00
Total
Forward - 60:00
Defense - 60:00
|
% Time on Ice - Penguins
Lines # - Real PCT - Wanted PCT - Time Play
Normal Forward
1 - 35% - 40% - 16:44
2 - 27% - 30% - 12:50
3 - 22% - 20% - 10:40
4 - 17% - 10% - 8:04
Normal Defense
1 - 41% - 40% - 20:02
2 - 32% - 30% - 15:28
3 - 22% - 20% - 10:29
4 - 5% - 10% - 2:19
PP Forward
1 - 65% - 60% - 5:53
2 - 35% - 40% - 3:08
PP Defense
1 - 66% - 60% - 5:58
2 - 34% - 40% - 3:03
PK Forward
1 - 93% - 60% - 2:30
2 - 7% - 40% - 0:11
PK Defense
1 - 68% - 60% - 1:50
2 - 32% - 40% - 0:51
PK3 Forward
1 - 0% - 60%
2 - 0% - 40%
PK3 Defense
1 - 0% - 60%
2 - 0% - 40%
44 Forward
1 - 0% - 60%
2 - 0% - 40%
44 Defense
1 - 0% - 60%
2 - 0% - 40%
Last Minute Offensive - 0:00
Last Minute Defensive - 0:00
Total
Forward - 60:00
Defense - 60:00
|
Play-by-Play
1st period
0:01 of 1st period - Sebastian Aho wins face-off versus Nazem Kadri in neutral zone.
0:04 of 1st period - Tyler Ennis is hit by Mark Scheifele and loses puck.
0:36 of 1st period - Minor Penalty to Kristopher Letang for Boarding.
0:37 of 1st period - Anton Lander wins face-off versus Sebastian Aho in Devils zone.
0:47 of 1st period - Wrist shot by Logan Shaw.
0:47 of 1st period - Goal by Logan Shaw - Devils : 1 - Penguins : 0.
0:48 of 1st period - Nazem Kadri wins face-off versus Derek Stepan in neutral zone.
0:51 of 1st period - Wrist shot by Tyler Ennis.
0:51 of 1st period - Stopped by Ilya Samsonov without a rebound.
0:52 of 1st period - Nazem Kadri wins face-off versus Derek Stepan in Penguins zone.
1:01 of 1st period - Wrist shot by Nazem Kadri.
1:01 of 1st period - Stopped by Ilya Samsonov without a rebound.
1:02 of 1st period - Sebastian Aho wins face-off versus Logan Shaw in Penguins zone.
1:06 of 1st period - Off-side.
1:07 of 1st period - Anton Lander wins face-off versus Sebastian Aho in neutral zone.
1:20 of 1st period - Snap shot by Logan Shaw.
1:20 of 1st period - Shot Blocked by Nick Leddy.
1:22 of 1st period - Wrist shot by Anton Lander.
1:22 of 1st period - Shot Misses the Net.
1:34 of 1st period - Snap shot by Tyler Ennis.
1:34 of 1st period - Shot Blocked by Mark Scheifele.
1:36 of 1st period - Wrist shot by Tyler Ennis.
1:36 of 1st period - Shot Misses the Net.
1:55 of 1st period - Backhand shot by Oscar Klefbom.
1:55 of 1st period - Stopped by Jonathan Quick with a rebound.
2:36 of 1st period - Penalty to Kristopher Letang is over, Kristopher Letang is back on ice.
3:06 of 1st period - Slapshot by Jamie Benn.
3:06 of 1st period - Shot Misses the Net.
3:08 of 1st period - Wrist shot by Tom Wilson.
3:08 of 1st period - Shot Misses the Net.
3:18 of 1st period - Tyson Barrie is hit by Sven Baertschi and loses puck.
3:25 of 1st period - Thomas Hickey is hit by Tyson Barrie and loses puck.
3:40 of 1st period - Anton Lander is hit by Marcus Foligno.
4:21 of 1st period - Icing by Ondrej Kase.
4:22 of 1st period - Sean Monahan wins face-off versus Tom Wilson in Devils zone.
4:27 of 1st period - Ondrej Kase is hit by Max Reinhart and loses puck.
4:39 of 1st period - Minor Penalty to Jamie Benn for Hooking.
4:40 of 1st period - Nazem Kadri wins face-off versus Mark Scheifele in Penguins zone.
5:07 of 1st period - Oscar Klefbom is hit by Kristopher Letang.
5:19 of 1st period - Snap shot by Ondrej Kase.
5:19 of 1st period - Deflect By Jonathan Huberdeau.
5:19 of 1st period - Shot Blocked by Tom Wilson.
5:19 of 1st period - Puck is out of play.
5:20 of 1st period - Sean Monahan wins face-off versus Max Reinhart in Penguins zone.
5:21 of 1st period - Wrist shot by Jonathan Huberdeau.
5:21 of 1st period - Goal by Jonathan Huberdeau - Devils : 2 - Penguins : 0.
5:22 of 1st period - Nazem Kadri wins face-off versus Sebastian Aho in neutral zone.
5:35 of 1st period - Wrist shot by Tyler Ennis.
5:35 of 1st period - Shot Blocked by Pavel Buchnevich.
5:37 of 1st period - Snap shot by Anton Stralman.
5:37 of 1st period - Stopped by Ilya Samsonov without a rebound.
5:38 of 1st period - Sebastian Aho wins face-off versus Brayden Point in Penguins zone.
5:53 of 1st period - Wrist shot by Mark Scheifele.
5:53 of 1st period - Stopped by Jonathan Quick with a rebound.
6:20 of 1st period - Nick Leddy is hit by Thomas Hickey and loses puck.
6:36 of 1st period - Wrist shot by Anton Lander.
6:36 of 1st period - Stopped by Ilya Samsonov without a rebound.
6:37 of 1st period - Sebastian Aho wins face-off versus Brayden Point in Penguins zone.
6:43 of 1st period - Off-side.
6:44 of 1st period - Sebastian Aho wins face-off versus Brayden Point in neutral zone.
6:53 of 1st period - Wrist shot by Mark Scheifele.
6:53 of 1st period - Shot Blocked by Michael Del Zotto.
7:01 of 1st period - Shea Weber is hit by Brandon Carlo and loses puck.
7:18 of 1st period - Logan Shaw is hit by Keith Aulie and loses puck.
7:53 of 1st period - Off-side.
7:54 of 1st period - Derek Stepan wins face-off versus Nazem Kadri in neutral zone.
7:57 of 1st period - Snap shot by Oscar Klefbom.
7:57 of 1st period - Shot Misses the Net.
8:11 of 1st period - Wrist shot by Derek Stepan.
8:11 of 1st period - Stopped by Jonathan Quick with a rebound.
8:35 of 1st period - Wrist shot by Marcus Foligno.
8:35 of 1st period - Stopped by Jonathan Quick with a rebound.
9:34 of 1st period - Jamie Benn is hit by Nail Yakupov and loses puck.
10:13 of 1st period - Wrist shot by Logan Shaw.
10:13 of 1st period - Stopped by Ilya Samsonov with a rebound.
10:39 of 1st period - Slapshot by Ondrej Kase.
10:39 of 1st period - Shot Blocked by Neal Pionk.
11:42 of 1st period - Snap shot by Sean Monahan.
11:42 of 1st period - Stopped by Ilya Samsonov without a rebound.
11:43 of 1st period - Mark Scheifele wins face-off versus Sean Monahan in Penguins zone.
11:43 of 1st period - Mark Scheifele is hit by Matt Donovan.
12:02 of 1st period - Keith Aulie is hit by Matt Donovan and loses puck.
12:06 of 1st period - Icing by Derek Stepan.
12:07 of 1st period - Derek Stepan wins face-off versus Nazem Kadri in Penguins zone.
12:33 of 1st period - Brayden Point is hit by Oscar Klefbom and loses puck.
12:38 of 1st period - Slapshot by Mark Scheifele.
12:38 of 1st period - Shot Misses the Net.
12:40 of 1st period - Snap shot by Sebastian Aho.
12:40 of 1st period - Penguins goal is going for a video replay.
12:40 of 1st period - The goal is refused. The puck has been kicked using a distinct kicking motion..
12:41 of 1st period - Nazem Kadri wins face-off versus Mark Scheifele in Devils zone.
13:47 of 1st period - Minor Penalty to Michael Del Zotto for Holding.
13:48 of 1st period - Anton Lander wins face-off versus Mark Scheifele in Devils zone.
13:48 of 1st period - Anton Lander is hit by Pavel Buchnevich.
13:58 of 1st period - Slapshot by Nick Leddy.
13:58 of 1st period - Deflect By Sebastian Aho.
13:58 of 1st period - Stopped by Jonathan Quick with a rebound.
14:00 of 1st period - Slapshot by Nick Leddy.
14:00 of 1st period - Shot Blocked by Thomas Hickey.
14:02 of 1st period - Slapshot by Nick Leddy.
14:02 of 1st period - Shot Blocked by Anton Lander.
14:04 of 1st period - Snap shot by Pavel Buchnevich.
14:04 of 1st period - Deflect By Mark Scheifele.
14:04 of 1st period - Shot Misses the Net.
14:04 of 1st period - Puck is out of play.
14:05 of 1st period - Derek Stepan wins face-off versus Anton Lander in Devils zone.
14:08 of 1st period - Snap shot by Marcus Foligno.
14:08 of 1st period - Shot Misses the Net.
14:10 of 1st period - Wrist shot by Marcus Foligno.
14:10 of 1st period - Stopped by Jonathan Quick without a rebound.
14:11 of 1st period - Anton Lander wins face-off versus Derek Stepan in Devils zone.
14:24 of 1st period - Slapshot by Nick Leddy.
14:24 of 1st period - Stopped by Jonathan Quick without a rebound.
14:25 of 1st period - Sebastian Aho wins face-off versus Anton Lander in Devils zone.
14:32 of 1st period - Snap shot by Mark Scheifele.
14:32 of 1st period - Stopped by Jonathan Quick with a rebound.
14:34 of 1st period - Wrist shot by Mark Scheifele.
14:34 of 1st period - Shot Blocked by Brandon Carlo.
14:36 of 1st period - Snap shot by Mark Scheifele.
14:36 of 1st period - Stopped by Jonathan Quick with a rebound.
14:38 of 1st period - Slapshot by Nick Leddy.
14:38 of 1st period - Goal by Nick Leddy - Devils : 2 - Penguins : 1.
14:39 of 1st period - Sebastian Aho wins face-off versus Nazem Kadri in neutral zone.
15:08 of 1st period - Snap shot by Derek Stepan.
15:08 of 1st period - Stopped by Jonathan Quick without a rebound.
15:09 of 1st period - Sean Monahan wins face-off versus Derek Stepan in Devils zone.
15:16 of 1st period - Slapshot by Matt Donovan.
15:16 of 1st period - Shot Misses the Net.
15:32 of 1st period - Wrist shot by Sean Monahan.
15:32 of 1st period - Stopped by Ilya Samsonov without a rebound.
15:33 of 1st period - Mark Scheifele wins face-off versus Nazem Kadri in Penguins zone.
15:37 of 1st period - Oscar Klefbom is hit by Kristopher Letang and loses puck.
16:32 of 1st period - Icing by Shea Weber.
16:33 of 1st period - Nazem Kadri wins face-off versus Derek Stepan in Penguins zone.
17:02 of 1st period - Sean Monahan is hit by Mark Scheifele and loses puck.
17:07 of 1st period - Wrist shot by Mark Scheifele.
17:07 of 1st period - Stopped by Jonathan Quick with a rebound.
17:09 of 1st period - Snap shot by Shea Weber.
17:09 of 1st period - Stopped by Jonathan Quick with a rebound.
17:11 of 1st period - Snap shot by Mark Scheifele.
17:11 of 1st period - Shot Blocked by Sean Monahan.
17:13 of 1st period - Snap shot by Keith Aulie.
17:13 of 1st period - Stopped by Jonathan Quick without a rebound.
17:14 of 1st period - Tyler Ennis wins face-off versus Max Reinhart in Devils zone.
17:14 of 1st period - Tyler Ennis is hit by Jamie Benn.
19:36 of 1st period - Slapshot by Nick Palmieri.
19:36 of 1st period - Goal by Nick Palmieri - Devils : 3 - Penguins : 1.
19:37 of 1st period - Brayden Point wins face-off versus Sebastian Aho in neutral zone.
19:47 of 1st period - Slapshot by Nick Leddy.
19:47 of 1st period - Shot Misses the Net.
Goals for this period are 3 for Devils vs 1 for Penguins.
Shots for this period are 10 for Devils vs 15 for Penguins.
2nd period
0:01 of 2nd period - Nazem Kadri wins face-off versus Sebastian Aho in neutral zone.
0:13 of 2nd period - Snap shot by Tyler Ennis.
0:13 of 2nd period - Shot Misses the Net.
0:36 of 2nd period - Slapshot by Marcus Foligno.
0:36 of 2nd period - Stopped by Jonathan Quick with a rebound.
0:38 of 2nd period - Snap shot by Marcus Foligno.
0:38 of 2nd period - Stopped by Jonathan Quick without a rebound.
0:39 of 2nd period - Nazem Kadri wins face-off versus Sebastian Aho in Devils zone.
0:48 of 2nd period - Slapshot by Nick Palmieri.
0:48 of 2nd period - Shot Misses the Net.
0:50 of 2nd period - Wrist shot by Kristopher Letang.
0:50 of 2nd period - Stopped by Ilya Samsonov with a rebound.
0:54 of 2nd period - Snap shot by Nazem Kadri.
0:54 of 2nd period - Deflect By Nick Palmieri.
0:54 of 2nd period - Shot Blocked by Keith Aulie.
0:54 of 2nd period - Puck is out of play.
0:55 of 2nd period - Ondrej Kase wins face-off versus Derek Stepan in Penguins zone.
1:00 of 2nd period - Slapshot by Sean Monahan.
1:00 of 2nd period - Shot Misses the Net.
1:02 of 2nd period - Snap shot by Ondrej Kase.
1:02 of 2nd period - Shot Misses the Net.
1:10 of 2nd period - Slapshot by Sean Monahan.
1:10 of 2nd period - Shot Blocked by Marcus Foligno.
1:12 of 2nd period - Wrist shot by Jonathan Huberdeau.
1:12 of 2nd period - Stopped by Ilya Samsonov without a rebound.
1:13 of 2nd period - Nazem Kadri wins face-off versus Mark Scheifele in Penguins zone.
1:40 of 2nd period - Oscar Klefbom is hit by Anton Stralman.
1:44 of 2nd period - Oscar Klefbom is hit by Matt Donovan and loses puck.
2:26 of 2nd period - Snap shot by Oscar Klefbom.
2:26 of 2nd period - Shot Blocked by Brandon Carlo.
2:58 of 2nd period - Sebastian Aho is hit by Nazem Kadri.
3:14 of 2nd period - Brandon Carlo is hit by Pavel Zacha and loses puck.
6:16 of 2nd period - Michael Del Zotto is hit by Jamie Benn and loses puck.
6:27 of 2nd period - Pavel Zacha is hit by Michael Del Zotto and loses puck.
7:09 of 2nd period - Max Reinhart is hit by Jonathan Huberdeau and loses puck.
7:16 of 2nd period - Snap shot by Jonathan Huberdeau.
7:16 of 2nd period - Stopped by Ilya Samsonov with a rebound.
7:37 of 2nd period - Nail Yakupov is hit by Dmitrij Jaskin and loses puck.
8:07 of 2nd period - Slapshot by Shea Weber.
8:07 of 2nd period - Shot Misses the Net.
8:19 of 2nd period - Nail Yakupov is hit by Roope Hintz.
8:35 of 2nd period - Oscar Klefbom is hit by Logan Shaw and loses puck.
8:56 of 2nd period - Minor Penalty to Marcus Foligno for Hooking.
8:57 of 2nd period - Mark Scheifele wins face-off versus Nazem Kadri in Penguins zone.
10:56 of 2nd period - Penalty to Marcus Foligno is over, Marcus Foligno is back on ice.
11:40 of 2nd period - Icing by Sebastian Aho.
11:41 of 2nd period - Sebastian Aho wins face-off versus Anton Lander in Penguins zone.
11:50 of 2nd period - Neal Pionk is hit by Anton Lander.
12:04 of 2nd period - Roope Hintz is hit by Nazem Kadri and loses puck.
12:23 of 2nd period - Snap shot by Dmitrij Jaskin.
12:23 of 2nd period - Shot Misses the Net.
12:41 of 2nd period - Icing by Tyson Barrie.
12:42 of 2nd period - Anton Lander wins face-off versus Sebastian Aho in Penguins zone.
12:43 of 2nd period - Wrist shot by Nail Yakupov.
12:43 of 2nd period - Stopped by Ilya Samsonov without a rebound.
12:44 of 2nd period - Derek Stepan wins face-off versus Nazem Kadri in Penguins zone.
12:44 of 2nd period - Derek Stepan is hit by Thomas Hickey.
13:54 of 2nd period - Off-side.
13:55 of 2nd period - Anton Lander wins face-off versus Roope Hintz in neutral zone.
14:10 of 2nd period - Nail Yakupov is hit by Dmitrij Jaskin and loses puck.
14:23 of 2nd period - Slapshot by Brandon Tanev.
14:23 of 2nd period - Stopped by Jonathan Quick with a rebound.
14:25 of 2nd period - Wrist shot by Oscar Klefbom.
14:25 of 2nd period - Deflect By Roope Hintz.
14:25 of 2nd period - Shot Misses the Net.
14:25 of 2nd period - Puck is out of play.
14:26 of 2nd period - Sebastian Aho wins face-off versus Nazem Kadri in Devils zone.
14:33 of 2nd period - Slapshot by Brandon Carlo.
14:33 of 2nd period - Shot Misses the Net.
14:35 of 2nd period - Slapshot by Michael Del Zotto.
14:35 of 2nd period - Shot Blocked by Nick Leddy.
14:37 of 2nd period - Wrist shot by Tyler Ennis.
14:37 of 2nd period - Shot Misses the Net.
14:39 of 2nd period - Slapshot by Tyler Ennis.
14:39 of 2nd period - Goal by Tyler Ennis - Devils : 4 - Penguins : 1.
14:39 of 2nd period - Braden Holtby enters game.
14:40 of 2nd period - Sebastian Aho wins face-off versus Nazem Kadri in neutral zone.
14:52 of 2nd period - Slapshot by Nick Leddy.
14:52 of 2nd period - Stopped by Jonathan Quick with a rebound.
14:54 of 2nd period - Minor Penalty to Nick Palmieri for Holding.
14:55 of 2nd period - Sebastian Aho wins face-off versus Anton Lander in Devils zone.
15:08 of 2nd period - Wrist shot by Mark Scheifele.
15:08 of 2nd period - Shot Misses the Net.
15:10 of 2nd period - Slapshot by Nick Leddy.
15:10 of 2nd period - Deflect By Mark Scheifele.
15:10 of 2nd period - Shot Misses the Net.
15:10 of 2nd period - Puck is out of play.
15:11 of 2nd period - Sebastian Aho wins face-off versus Anton Lander in Devils zone.
15:20 of 2nd period - Snap shot by Sebastian Aho.
15:20 of 2nd period - Stopped by Jonathan Quick with a rebound.
15:26 of 2nd period - Snap shot by Mark Scheifele.
15:26 of 2nd period - Shot Blocked by Brandon Carlo.
15:36 of 2nd period - Anton Stralman is hit by Oscar Klefbom and loses puck.
15:58 of 2nd period - Icing by Mark Scheifele.
15:59 of 2nd period - Tyler Ennis wins face-off versus Sebastian Aho in Penguins zone.
16:54 of 2nd period - Penalty to Nick Palmieri is over, Nick Palmieri is back on ice.
17:00 of 2nd period - Slapshot by Nick Palmieri.
17:00 of 2nd period - Shot Misses the Net.
17:42 of 2nd period - Off-side.
17:43 of 2nd period - Nazem Kadri wins face-off versus Derek Stepan in neutral zone.
17:52 of 2nd period - Wrist shot by Tyler Ennis.
17:52 of 2nd period - Stopped by Braden Holtby with a rebound.
17:54 of 2nd period - Slapshot by Thomas Hickey.
17:54 of 2nd period - Deflect By Tyler Ennis.
17:54 of 2nd period - Stopped by Braden Holtby without a rebound.
17:55 of 2nd period - Sebastian Aho wins face-off versus Nazem Kadri in Penguins zone.
17:55 of 2nd period - Sebastian Aho is hit by Matt Donovan.
18:48 of 2nd period - Matt Donovan is hit by Tom Wilson and loses puck.
19:29 of 2nd period - Slapshot by Michael Del Zotto.
19:29 of 2nd period - Stopped by Braden Holtby without a rebound.
19:30 of 2nd period - Nazem Kadri wins face-off versus Sebastian Aho in Penguins zone.
Goals for this period are 1 for Devils vs 0 for Penguins.
Shots for this period are 8 for Devils vs 5 for Penguins.
3rd period
0:01 of 3rd period - Sebastian Aho wins face-off versus Nazem Kadri in neutral zone.
0:12 of 3rd period - Slapshot by Tyler Ennis.
0:12 of 3rd period - Shot Misses the Net.
0:26 of 3rd period - Brandon Carlo is hit by Pavel Zacha and loses puck.
1:15 of 3rd period - Wrist shot by Logan Shaw.
1:15 of 3rd period - Shot Blocked by Mark Scheifele.
1:17 of 3rd period - Slapshot by Sven Baertschi.
1:17 of 3rd period - Stopped by Braden Holtby without a rebound.
1:18 of 3rd period - Derek Stepan wins face-off versus Nazem Kadri in Penguins zone.
1:23 of 3rd period - Snap shot by Nazem Kadri.
1:23 of 3rd period - Stopped by Braden Holtby with a rebound.
1:45 of 3rd period - Mark Scheifele is hit by Ondrej Kase and loses puck.
2:06 of 3rd period - Slapshot by Brandon Carlo.
2:06 of 3rd period - Stopped by Braden Holtby with a rebound.
2:12 of 3rd period - Anton Lander is hit by Max Reinhart and loses puck.
2:24 of 3rd period - Off-side.
2:25 of 3rd period - Roope Hintz wins face-off versus Brayden Point in neutral zone.
2:32 of 3rd period - Snap shot by Brandon Tanev.
2:32 of 3rd period - Stopped by Jonathan Quick without a rebound.
2:33 of 3rd period - Sebastian Aho wins face-off versus Nazem Kadri in Devils zone.
2:36 of 3rd period - Snap shot by Sebastian Aho.
2:36 of 3rd period - Stopped by Jonathan Quick with a rebound.
2:38 of 3rd period - Slapshot by Oscar Klefbom.
2:38 of 3rd period - Deflect By Mark Scheifele.
2:38 of 3rd period - Shot Misses the Net.
2:38 of 3rd period - Puck is out of play.
2:39 of 3rd period - Pavel Buchnevich wins face-off versus Nazem Kadri in Devils zone.
2:42 of 3rd period - Wrist shot by Sebastian Aho.
2:42 of 3rd period - Shot Misses the Net.
4:46 of 3rd period - Nick Palmieri is hit by Sebastian Aho and loses puck.
5:01 of 3rd period - Snap shot by Tyler Ennis.
5:01 of 3rd period - Stopped by Braden Holtby without a rebound.
5:02 of 3rd period - Derek Stepan wins face-off versus Sean Monahan in Penguins zone.
5:34 of 3rd period - Logan Shaw is hit by Jamie Benn and loses puck.
6:02 of 3rd period - Slapshot by Oscar Klefbom.
6:02 of 3rd period - Deflect By Brandon Tanev.
6:02 of 3rd period - Shot Misses the Net.
6:02 of 3rd period - Puck is out of play.
6:03 of 3rd period - Sean Monahan wins face-off versus Derek Stepan in Devils zone.
6:35 of 3rd period - Wrist shot by Sean Monahan.
6:35 of 3rd period - Stopped by Braden Holtby without a rebound.
6:36 of 3rd period - Brayden Point wins face-off versus Roope Hintz in Penguins zone.
6:48 of 3rd period - Off-side.
6:49 of 3rd period - Sean Monahan wins face-off versus Derek Stepan in neutral zone.
6:52 of 3rd period - Slapshot by Jonathan Huberdeau.
6:52 of 3rd period - Shot Misses the Net.
7:26 of 3rd period - Snap shot by Max Reinhart.
7:26 of 3rd period - Stopped by Jonathan Quick with a rebound.
8:00 of 3rd period - Snap shot by Jonathan Huberdeau.
8:00 of 3rd period - Stopped by Braden Holtby without a rebound.
8:01 of 3rd period - Sean Monahan wins face-off versus Sebastian Aho in Penguins zone.
8:09 of 3rd period - Minor Penalty to Jonathan Huberdeau for Hooking.
8:10 of 3rd period - Sebastian Aho wins face-off versus Anton Lander in Devils zone.
8:50 of 3rd period - Snap shot by Marcus Foligno.
8:50 of 3rd period - Shot Blocked by Matt Donovan.
8:52 of 3rd period - Wrist shot by Marcus Foligno.
8:52 of 3rd period - Shot Misses the Net.
9:20 of 3rd period - Snap shot by Matt Donovan.
9:20 of 3rd period - Shot Misses the Net.
10:09 of 3rd period - Penalty to Jonathan Huberdeau is over, Jonathan Huberdeau is back on ice.
10:43 of 3rd period - Roope Hintz is hit by Kristopher Letang and loses puck.
10:58 of 3rd period - Anton Stralman is hit by Nick Leddy and loses puck.
11:11 of 3rd period - Slapshot by Nick Leddy.
11:11 of 3rd period - Deflect By Dmitrij Jaskin.
11:11 of 3rd period - Stopped by Jonathan Quick with a rebound.
11:31 of 3rd period - Tyson Barrie is hit by Brandon Carlo and loses puck.
12:33 of 3rd period - Slapshot by Sean Monahan.
12:33 of 3rd period - Shot Blocked by Oscar Klefbom.
12:49 of 3rd period - Slapshot by Tyson Barrie.
12:49 of 3rd period - Stopped by Jonathan Quick with a rebound.
13:17 of 3rd period - Minor Penalty to Nick Palmieri for Holding.
13:18 of 3rd period - Anton Lander wins face-off versus Sebastian Aho in Devils zone.
13:28 of 3rd period - Off-side.
13:29 of 3rd period - Sebastian Aho wins face-off versus Anton Lander in neutral zone.
13:32 of 3rd period - Anton Lander is hit by Sebastian Aho and loses puck.
13:37 of 3rd period - Wrist shot by Pavel Buchnevich.
13:37 of 3rd period - Shot Blocked by Brandon Carlo.
13:39 of 3rd period - Snap shot by Oscar Klefbom.
13:39 of 3rd period - Deflect By Brandon Carlo.
13:39 of 3rd period - Stopped by Jonathan Quick without a rebound.
13:40 of 3rd period - Sebastian Aho wins face-off versus Anton Lander in Devils zone.
14:17 of 3rd period - Snap shot by Neal Pionk.
14:17 of 3rd period - Goal by Neal Pionk - Devils : 4 - Penguins : 2.
14:18 of 3rd period - Nazem Kadri wins face-off versus Sebastian Aho in neutral zone.
14:29 of 3rd period - Slapshot by Nick Palmieri.
14:29 of 3rd period - Stopped by Braden Holtby without a rebound.
14:30 of 3rd period - Nazem Kadri wins face-off versus Sebastian Aho in Penguins zone.
14:35 of 3rd period - Slapshot by Tyler Ennis.
14:35 of 3rd period - Shot Misses the Net.
14:37 of 3rd period - Snap shot by Kristopher Letang.
14:37 of 3rd period - Stopped by Braden Holtby with a rebound.
14:39 of 3rd period - Wrist shot by Nazem Kadri.
14:39 of 3rd period - Shot Misses the Net.
14:43 of 3rd period - Snap shot by Tyler Ennis.
14:43 of 3rd period - Stopped by Braden Holtby with a rebound.
14:57 of 3rd period - Nick Leddy is hit by Sean Monahan.
15:19 of 3rd period - Wrist shot by Logan Shaw.
15:19 of 3rd period - Shot Blocked by Shea Weber.
15:21 of 3rd period - Snap shot by Logan Shaw.
15:21 of 3rd period - Shot Misses the Net.
15:23 of 3rd period - Snap shot by Logan Shaw.
15:23 of 3rd period - Stopped by Braden Holtby without a rebound.
15:24 of 3rd period - Max Reinhart wins face-off versus Brayden Point in Penguins zone.
15:35 of 3rd period - Tom Wilson is hit by Sven Baertschi and loses puck.
15:46 of 3rd period - Oscar Klefbom is hit by Thomas Hickey.
15:58 of 3rd period - Snap shot by Mark Scheifele.
15:58 of 3rd period - Stopped by Jonathan Quick without a rebound.
15:59 of 3rd period - Anton Lander wins face-off versus Sebastian Aho in Devils zone.
16:06 of 3rd period - Slapshot by Anton Lander.
16:06 of 3rd period - Goal by Anton Lander - Devils : 5 - Penguins : 2.
16:07 of 3rd period - Sebastian Aho wins face-off versus Tyler Ennis in neutral zone.
16:10 of 3rd period - Slapshot by Nick Leddy.
16:10 of 3rd period - Stopped by Jonathan Quick with a rebound.
16:34 of 3rd period - Pavel Zacha is hit by Jonathan Huberdeau and loses puck.
18:20 of 3rd period - Slapshot by Logan Shaw.
18:20 of 3rd period - Shot Misses the Net.
18:26 of 3rd period - Derek Stepan is hit by Thomas Hickey and loses puck.
18:46 of 3rd period - Snap shot by Mark Scheifele.
18:46 of 3rd period - Stopped by Jonathan Quick without a rebound.
18:46 of 3rd period - Minor Penalty to Jonathan Quick for Slashing.
18:47 of 3rd period - Sebastian Aho wins face-off versus Anton Lander in Devils zone.
18:50 of 3rd period - Snap shot by Mark Scheifele.
18:50 of 3rd period - Stopped by Jonathan Quick with a rebound.
18:52 of 3rd period - Slapshot by Sebastian Aho.
18:52 of 3rd period - Shot Blocked by Anton Stralman.
18:54 of 3rd period - Wrist shot by Pavel Buchnevich.
18:54 of 3rd period - Penguins goal is going for a video replay.
18:54 of 3rd period - The goal is refused. The puck has been directed, batted or thrown into the net by an attacking player other than with a stick..
18:55 of 3rd period - Anton Lander wins face-off versus Sebastian Aho in Devils zone.
19:49 of 3rd period - Pavel Zacha is hit by Nick Palmieri and loses puck.
Goals for this period are 1 for Devils vs 1 for Penguins.
Shots for this period are 11 for Devils vs 12 for Penguins.